 Dungeon Crawl Stone Soup version 0.31.0-11-ge490571c62 (webtiles) character file.

Game seed: 16093302460245834539

124 Gadfly the Insei (level 4, -4/35 HPs)
             Began as a Demonspawn Monk on Feb 3, 2024.
             Slain by Natasha (6 damage)
             ... on level 2 of the Dungeon.
             The game lasted 00:02:10 (1834 turns).

Gadfly the Insei (Demonspawn Monk)                  Turns: 1834, Time: 00:02:11

Health: -4/35      AC:  6    Str: 19    XL:     4   Next: 81%
Magic:  4/4        EV: 13    Int: 11    God:
Gold:   117        SH:  0    Dex: 15    Spells: 3/3 levels left

rFire   . . .        b - +2 short sword (venom)
rCold   . . .        c - orb {light}
rNeg    . . .        a - +0 robe
rPois   .            (no helmet)
rElec   .            (no cloak)
rCorr   .            l - +1 pair of gloves
SInv    .            (no boots)
Will    .....        (no amulet)
Stlth   +            m - +6 ring of strength
HPRegen 0.25/turn    (no ring)
MPRegen 0.09/turn

%: no passive effects
@: glowing
A: yellow scales 1
a: no special abilities


You were on level 2 of the Dungeon.
You visited 1 branch of the dungeon, and saw 2 of its levels.

You collected 117 gold pieces.

Inventory:

Hand Weapons
 b - a +2 short sword of venom (weapon)
Armour
 a - a +0 robe (worn)
 c - an orb of light (worn)
 l - a +1 pair of gloves (worn)
Jewellery
 m - a +6 ring of strength (left hand)
Scrolls
 d - a scroll of torment {unknown}
 g - a scroll of immolation
 p - a scroll of enchant weapon {unknown}
Potions
 e - a potion of ambrosia
 f - a potion of attraction
 h - 2 potions of lignification
 i - a potion of haste {unknown}
 j - a potion of heal wounds
 k - a potion of magic {unknown}
 n - a potion of might {unknown}
 o - a potion of curing {unknown}


   Skills:
 - Level 3.0 Fighting
 + Level 3.2 Dodging
 * Level 3.5 Unarmed Combat
 * Level 2.1 Evocations
 * Level 1.7 Shapeshifting


You had 3 spell levels left.
You didn't know any spells.
Your spell library was empty.

Dungeon Overview and Level Annotations

Branches:
Dungeon (2/15)

Altars:
Xom

Annotations:
D:2 Natasha


Innate Abilities, Weirdness & Mutations

You are partially covered in yellow scales. (AC +2)


Message History

Unknown command.
The adder attacks as it pursues you! The adder misses you.
You hit the adder.
The adder is moderately wounded.
The adder barely misses you.
You hit the adder.
The adder is poisoned.
The adder is heavily wounded.
The adder misses you. The adder bites you.
You closely miss the adder.
The adder is severely wounded.
Natasha casts a spell.
The adder closely misses you.
You barely miss the adder.
The adder is severely wounded.
The adder closely misses you.
You closely miss the adder.
The adder is severely wounded.
You kill the adder!
The cerulean imp barely misses you.
The cerulean imp hits you with a +4 spear.
Natasha claws you.
You see here an adder corpse.
You hit Natasha.
Natasha is poisoned.
Natasha is lightly wounded.
The cerulean imp hits you with a +4 spear.
* * * LOW HITPOINT WARNING * * *
Natasha claws you!
* * * LOW HITPOINT WARNING * * *
You hit Natasha.
Natasha looks as sick as possible!
Natasha is heavily wounded.
The cerulean imp hits you with a +4 spear.
* * * LOW HITPOINT WARNING * * *
Natasha extends her claws.
Natasha claws you but does no damage.
You hit Natasha.
Natasha looks as sick as possible!
Natasha is severely wounded.
The cerulean imp hits you but does no damage.
Natasha claws you.
You die...
Natasha begins licking her fur clean.

#.#####.#
#.#######
#.# ###.###.
#.# ........
#.# .###..#.
#.# ......#.
#.##....#
#.....#
###.#h#.#.#.
#.@.......
##.5......
.........
##.......#
#.......#
#.......#
#.......# #
#####'### #
#


You could see Natasha (extremely poisoned) and a cerulean imp (summoned).

Vanquished Creatures
  Natasha (twice) (D:2)
  2 adders (D:2)
  2 ribbon worms (D:2)
  2 dart slugs
  2 endoplasms (D:1)
  3 giant cockroaches
  3 goblins
  3 hobgoblins
  4 jackals (D:1)
  A quokka (D:2)
  5 ball pythons
  A bat (D:1)
  4 frilled lizards
  9 kobolds
  9 rats (D:1)
52 creatures vanquished.

Notes
Turn   | Place    | Note
-------+----------+-------------------------------------------
     0 | D:1      | Gadfly the Demonspawn Monk began the quest for the Orb.
     0 | D:1      | Reached XP level 1. HP: 18/18 MP: 1/1
   271 | D:1      | Gained mutation: You are partially covered in yellow
                  | scales. (AC +2) [demonic ancestry]
   271 | D:1      | Reached XP level 2. HP: 23/24 MP: 2/2
   387 | D:1      | Reached skill level 1 in Evocations
   699 | D:1      | Reached XP level 3. HP: 22/29 MP: 3/3
  1080 | D:2      | Reached skill level 1 in Shapeshifting
  1139 | D:2      | Noticed Natasha
  1529 | D:2      | Killed Natasha
  1530 | D:2      | Reached XP level 4. HP: 23/35 MP: 4/4
  1542 | D:2      | Noticed Natasha
  1550 | D:2      | Killed Natasha
  1708 | D:2      | Found a shimmering altar of Xom.
  1821 | D:2      | Noticed Natasha
  1834 | D:2      | Slain by Natasha

Illustrated notes

Levels and vault maps discovered:
D:1:      dpeg_arrival_ratfight, layout_loops_ring
D:2:      layout_basic, basic_altar, minmay_pentomino_v4, uniq_natasha

Skill      XL: |  1  2  3  4 |
---------------+-------------+-----
Unarmed Combat | 3 |  3.5
Evocations     | 1 2 |  2.1
Dodging        | 3 |  3.2
Shapeshifting  | 1 |  1.7
Fighting       | |  3.0

Action                     |  1- 3 |  4- 6 || total
---------------------------+-------+-------++-------
  Melee: Unarmed           |   162 |       ||   162
         Short sword       |    13 |    24 ||    37
    Use: Scroll            |     6 |       ||     6
 Armour: Robe              |    92 |    17 ||   109
  Dodge: Dodged            |   106 |    14 ||   120
